 Dungeon Crawl Stone Soup version 0.31-a0-1338-gb567cfdca4 (webtiles) character file.

Game seed: 16276876757106390499

103483 jasper the Bludgeoner (level 15, -2/143 (154) HPs)
             Began as a Troll Berserker on Dec 22, 2023.
             Was a High Priest of Trog.
             Killed from afar by an efreet (29 damage)
             ... with a bolt of fire
             ... in a Gauntlet.
             The game lasted 00:35:14 (19310 turns).

jasper the Bludgeoner (Troll Berserker)            Turns: 19310, Time: 00:35:15

HP:   -2/143 (154)  AC: 27    Str: 35    XL:     15   Next: 89%
MP:   14/14         EV:  8    Int:  3    God:    Trog [*****.]
Gold: 875           SH:  0    Dex:  7    Spells: 14/14 levels left

rFire   . . .        E - +5 giant spiked club (heavy)
rCold   . . .        (shield currently unavailable)
rNeg    + . .        c - +1 shadow dragon scales
rPois   .            (helmet restricted)
rElec   .            n - +2 cloak {Will+}
rCorr   +            (gloves unavailable)
SInv    .            (boots unavailable)
Will    +++++        L - amulet of the Four Winds {rN+ Will+++ Clar}
Stlth   ++           m - ring of resist corrosion
HPRegen 2.23/turn    U - +4 ring of protection
MPRegen 0.14/turn

%: no teleportation, clarity
@: strong-willed, on berserk cooldown, regenerating, slowed, drained, very slow
A: large, unfitting armour, claws 3, regeneration 1, shaggy fur 1, tough skin 1,
clumsy 1
a: Renounce Religion, Berserk, Trog's Hand, Brothers in Arms


You were in a Gauntlet.
You worshipped Trog.
Trog was extremely pleased with you.
You visited 3 branches of the dungeon, and saw 21 of its levels.
You also visited: Bailey, Gauntlet and Ice Cave.

You collected 3169 gold pieces.
You spent 2294 gold pieces at shops.

Inventory:

Hand Weapons
 a - a +2 great mace of holy wrath
 E - a +5 heavy giant spiked club (weapon)
 J - the +1 giant spiked club "Weerph" {heavy, rC+ rN+}
   (Trog gifted it to you on level 5 of the Lair of Beasts)

   rC+:       It protects you from cold.
   rN+:       It protects you from negative energy.
Missiles
 e - 126 stones
 p - 3 boomerangs (quivered)
 r - 6 javelins
 s - 21 poisoned darts
 H - 11 large rocks
Armour
 c - +1 shadow dragon scales (worn)
 n - a +2 cloak of willpower (worn)
 y - the +1 cloak "Battunoi" {Rampage Str+3 Dex-2}
   (You bought it in a shop on level 1 of the Orcish Mines)

   Str+3:     It affects your strength (+3).
   Dex-2:     It affects your dexterity (-2).
   Rampage:   It bestows one free step when moving towards enemies.
 G - +0 ice dragon scales
Jewellery
 g - the ring "Rik Xaud" {rC+ Dex+6}
   (You found it in a Gauntlet)

   [ring of protection from cold]

   Dex+6:     It affects your dexterity (+6).
   rC+:       It protects you from cold.
 l - a ring of positive energy
 m - a ring of resist corrosion (left claw)
 w - a ring of flight
 L - the amulet of the Four Winds (around neck) {rN+ Will+++ Clar}
   (You found it in a bailey)

   [amulet of nothing]

   rN+:       It protects you from negative energy.
   Will+++:   It greatly increases your willpower.
   Clar:      It protects you from confusion, rage, mesmerisation and fear.
 U - a +4 ring of protection (right claw)
 Z - a ring of protection from fire
Wands
 b - a wand of acid (6)
 o - a wand of digging (11)
 t - a wand of roots (29)
 v - a wand of flame (83)
 B - a wand of paralysis (11)
Scrolls
 q - 4 scrolls of poison
 u - 8 scrolls of teleportation
 C - 3 scrolls of silence
 D - a scroll of torment
 F - 2 scrolls of butterflies
 K - 2 scrolls of fear
 M - 2 scrolls of revelation
 O - a scroll of enchant weapon
 P - 3 scrolls of blinking
 Q - 2 scrolls of immolation
 T - 2 scrolls of fog
 W - 4 scrolls of vulnerability
Potions
 d - 4 potions of might
 f - 4 potions of mutation
 h - 7 potions of heal wounds
 i - a potion of invisibility
 j - 5 potions of haste
 x - 4 potions of attraction
 z - 3 potions of magic
 A - 3 potions of brilliance
 I - 4 potions of curing
 N - 4 potions of enlightenment
 R - 2 potions of resistance
 S - 7 potions of lignification
 V - a potion of ambrosia
Miscellaneous
 X - a tin of tremorstones (2/2)


   Skills:
 - Level 11.6 Fighting
 * Level 19.8 Maces & Flails
 - Level 3.0 Throwing
 - Level 11.2 Armour
 - Level 2.4 Dodging


You had 14 spell levels left.
You didn't know any spells.
Your spell library was empty.

Dungeon Overview and Level Annotations

Branches:
Dungeon (15/15)            Temple (0/1) D:4            Lair (5/5) D:9
  Swamp (0/4) Lair:2        Snake (0/4) Lair:2        Slime (0/5) Lair:4
    Orc (2/2) D:10            Elf (0/3) Orc:2        Depths (0/4) D:15
 Bailey (visited)           IceCv (visited)         Gauntlet (1/1)
 Vaults: D:13-14

Altars:
Ashenzari
Cheibriados
Dithmenos
Gozag
Hepliaklqana
Okawaru
Qazlal
Trog
Uskayaw
Vehumet
Xom
Yredelemnul
Zin
Jiyva

Shops:
D:9 *   Orc:1 [?*(?   Orc:2 **(!!

Annotations:
D:5 2 transporters, wally255's ghost, novice DsFi
D:6 3 runed translucent doors, MysticSailboat's ghost, novice DjHW; grandjackal's ghost, novice DrGl
D:8 2 runed translucent doors Gauntlet 7 transporters


Innate Abilities, Weirdness & Mutations

You are too large for most types of armour.
You have claws for hands.
Your natural rate of healing is unusually fast.
You are covered in fur. (AC +1)
You have tough skin. (AC +1)
You are clumsy. (Dex -2)


Message History

The blast of flame hits the hell hound.
The hell hound completely resists.
The blast of flame hits you!
The hell hound bites you but does no damage.
The fire elemental hits you. The fire elemental burns you!
You take 10 damage, and have 84/143 hp.
The hell hound attacks as it pursues you!
The hell hound barely misses you. The fire elemental hits you.
The fire elemental burns you! The hell hound bites you!
The efreet gestures at you. The bolt of fire hits you!
The fire elemental misses you.
You take 24 damage, and have 60/143 hp.
You bludgeon the fire elemental!!
The fire elemental is almost destroyed.
The hell hound bites you but does no damage. x2
The fire elemental hits you. The fire elemental burns you!
The efreet barely misses you. The fire elemental hits you.
The fire elemental burns you!
* * * LOW HITPOINT WARNING * * *
The hell hound bites you but does no damage.
The efreet hits you with a +3 scimitar of flaming!
* * * LOW HITPOINT WARNING * * *
The efreet burns you.
* * * LOW HITPOINT WARNING * * *
The fire elemental hits you. The fire elemental burns you!
* * * LOW HITPOINT WARNING * * *
The fire elemental barely misses you.
The hell hound bites you but does no damage.
You take 38 damage, and have 22/143 hp.
MASSIVE DAMAGE!!
Okay, then.
Blink to where?
Press: ? - help, Dir - move target
As you read the scroll of blinking, it crumbles to dust.
You regained 2 hp, and now have 24/143 hp.
Your skin crawls.
You feel strong-willed.
The hell hound bites you but does no damage. x2
The efreet gestures at you.
The bolt of fire hits the hell hound.
The hell hound completely resists.
The bolt of fire hits you!!
You die...

8#.............§§..........
#..###########...#########
#..#..==©○!○.#...#..![©$..
###..#.☼#...#..#...#.#.....#
#8#..#°#######.#...#.##...##
#..##§○#.#..##...#..#####.
#..#.○ER©....#...#....©...
###..##.○#h#..##...#..##.##.
#8#..#.##hE@##.#...#.##...##
###..#.☼#...#..#...#B#.....#
#..#...#.#...#...#ss......
###..###########...#########
#8#.....#.©.#....§....#.©.#.
###...8.#...#...≈8§...#...#.
#.....#.©.#...§≈....#.©.#.
###..###########§§.#########
#8#..#..).©=...#...#...=©([w


You could see an efreet, 2 fire elementals and 2 hell hounds.

Vanquished Creatures
  Frances (D:14)
  A stone giant (D:15)
  An ettin (Orc:1)
  Erolcha (Orc:1)
  6 hydras
  5 death yaks (Lair:2)
  4 centaur warriors
  5 orc high priests (Orc:2)
  4 tengu warriors (D:15)
  4 two-headed ogres
  Urug (Lair:1)
  A spriggan (Lair:3)
  2 skysharks (Lair:5)
  2 goliath frogs (Lair:5)
  A lindwurm (Lair:4)
  11 orc knights
  A deep elf zephyrmancer (Bailey)
  Pikel (D:8)
  11 ugly things
  Maurice (D:7)
  A manticore (D:12)
  2 cyclopes
  A salamander (Lair:2)
  A rust devil (Gauntlet)
  2 kobold blastminers
  3 black mambas
  25 elephants
  3 ice statues (IceCv)
  A torpor snail (Lair:3)
  17 cane toads
  A hellion (Gauntlet)
  A freezing wraith (IceCv)
  10 komodo dragons
  A rime drake (Lair:4)
  2 efreet (D:14)
  2 tengu conjurers
  A komodo dragon (shapeshifter) (D:14)
  2 ice devils (Lair:1)
  7 trolls
  5 polar bears
  2 hornets
  4 tyrant leeches
  24 blink frogs
  10 dream sheep
  A slime creature (D:8)
  58 yaks
  2 fire elementals (D:14)
  2 wraiths (D:10)
  A ynoxinul (Gauntlet)
  2 wyverns
  4 basilisks
  3 wargs (Orc:1)
  8 vampire mosquitoes
  A harpy simulacrum (IceCv)
  2 swamp worms (Lair:2)
  3 acid dragons
  A hydra simulacrum (IceCv)
  21 water moccasins
  5 hell hounds
  3 sky beasts
  6 black bears
  2 ice beasts
  30 orc warriors
  7 ogres
  22 wolves
  4 centaurs
  2 lemures (D:8)
  2 kobold brigands
  2 phantoms
  9 bullfrogs
  2 gnoll sergeants (D:11)
  3 cane toad simulacra (IceCv)
  4 scorpions
  17 wights
  5 killer bees (D:9)
  2 howler monkeys (D:9)
  An electric eel (Lair:5)
  2 lava snakes (Lair:2)
  5 jellies
  7 hounds
  A gnoll bouda (D:8)
  29 orc priests
  Crazy Yiuf (D:2)
  4 iron imps (Gauntlet)
  5 sleepcaps
  Jessica (D:2)
  5 iguanas
  Terence (D:3)
  10 orc wizards
  A polar bear simulacrum (IceCv)
  11 hell rats (Lair:1)
  2 wolf simulacra (IceCv)
  2 hound skeletons (D:3)
  Robin (D:2)
  6 adders
  15 gnolls
  A shadow imp (D:6)
  A bombardier beetle (D:4)
  3 white imps
  2 ufetubi (D:5)
  2 adder skeletons (D:3)
  2 worms
  3 dart slugs
  75 orcs
  10 bats
  7 endoplasms
  A giant cockroach (D:2)
  16 goblins
  11 hobgoblins
  2 jackals (D:2)
  14 kobolds
  2 quokkas
  9 ball pythons
  3 frilled lizards
  A jackal zombie (D:3)
  A quokka zombie (D:3)
  9 rats
713 creatures vanquished.

Vanquished Creatures (collateral kills)
  A cane toad (Lair:5)
  4 blink frogs (Lair:5)
  A vampire mosquito (Lair:5)
  4 wolves (Lair:5)
10 creatures vanquished.

Vanquished Creatures (others)
  A vampire mosquito (D:14)
1 creature vanquished.

Grand Total: 724 creatures vanquished

Notes
Turn   | Place    | Note
-------+----------+-------------------------------------------
     0 | D:1      | jasper the Troll Berserker began the quest for the Orb.
     0 | D:1      | Reached XP level 1. HP: 22/22 MP: 0/0
   139 | D:1      | Reached skill level 3 in Maces & Flails
   232 | D:1      | Reached XP level 2. HP: 29/29 MP: 1/1
   953 | D:2      | Reached XP level 3. HP: 36/36 MP: 2/2
  1026 | D:2      | Reached ** piety under Trog
  1052 | D:2      | Reached XP level 4. HP: 28/45 MP: 3/3
  1284 | D:2      | Found a faded altar of an unknown god.
  1390 | D:2      | Noticed Jessica
  1395 | D:2      | Killed Jessica
  1396 | D:2      | Reached skill level 4 in Maces & Flails
  1396 | D:2      | Reached skill level 1 in Armour
  1454 | D:2      | Noticed Robin
  1505 | D:2      | Killed Robin
  1561 | D:2      | Found a runed translucent door.
  1562 | D:2      | Noticed Crazy Yiuf
  1713 | D:2      | Reached XP level 5. HP: 52/53 MP: 4/4
  1975 | D:2      | Killed Crazy Yiuf
  2219 | D:3      | Reached *** piety under Trog
  2247 | D:3      | Identified the +1 helmet "Pucs" {Rampage Str+5}
  2319 | D:3      | Noticed Terence
  2328 | D:3      | Killed Terence
  2662 | D:4      | Reached XP level 6. HP: 61/61 MP: 5/5
  2668 | D:4      | Found a shadowy altar of Dithmenos.
  2714 | D:4      | Reached skill level 5 in Maces & Flails
  2888 | D:4      | Reached XP level 7. HP: 68/68 MP: 6/6
  3177 | D:4      | Found a broken altar of Ashenzari.
  3268 | D:4      | Found a staircase to the Ecumenical Temple.
  3450 | D:5      | Entered Level 5 of the Dungeon
  3475 | D:4      | Reached skill level 6 in Maces & Flails
  3584 | D:5      | Noticed wally255's ghost (novice DsFi)
  3627 | D:5      | Found a transporter.
  3665 | D:5      | Reached XP level 8. HP: 65/79 MP: 7/7
  3771 | D:5      | Found a transporter.
  3810 | D:5      | Reached skill level 7 in Maces & Flails
  3854 | D:5      | Identified the +4 short sword "Tudir" {pain, rPois}
  3888 | D:5      | Reached **** piety under Trog
  3928 | D:5      | Reached skill level 5 in Fighting
  4102 | D:6      | Found a runed translucent gate.
  4103 | D:6      | Found a runed translucent gate.
  4104 | D:6      | Found a runed translucent gate.
  4105 | D:6      | Noticed grandjackal's ghost (novice DrGl)
  4106 | D:6      | Noticed MysticSailboat's ghost (novice DjHW)
  4190 | D:6      | Noticed an angel
  4191 | D:6      | Found a glowing silver altar of Zin.
  4191 | D:6      | Found a shimmering altar of Xom.
  4692 | D:6      | Reached skill level 8 in Maces & Flails
  5107 | D:7      | Noticed Maurice
  5123 | D:7      | Killed Maurice
  5124 | D:7      | Reached XP level 9. HP: 89/89 MP: 8/8
  5182 | D:7      | Found a bloodstained altar of Trog.
  5278 | D:7      | Reached skill level 5 in Armour
  5479 | D:7      | Reached skill level 9 in Maces & Flails
  5915 | D:8      | Noticed a troll
  5923 | D:8      | Killed a troll
  6059 | D:8      | Noticed Pikel
  6133 | D:8      | Found a hazy altar of Hepliaklqana.
  6133 | D:8      | Found a basalt altar of Yredelemnul.
  6133 | D:8      | Found a radiant altar of Vehumet.
  6133 | D:8      | Found an iron altar of Okawaru.
  6158 | D:8      | Killed Pikel
  6158 | D:8      | Reached ***** piety under Trog
  6159 | D:8      | Reached XP level 10. HP: 100/100 MP: 9/9
  6165 | D:8      | Reached skill level 10 in Maces & Flails
  6222 | D:8      | Received a gift from Trog
  6232 | D:8      | Found an opulent altar of Gozag.
  6328 | D:8      | Found a large runed translucent door.
  6329 | D:8      | Found a large runed translucent door.
  6329 | D:8      | Found a large runed translucent door.
  6333 | D:8      | Found a large runed translucent door.
  6431 | D:8      | Noticed a cyclops
  6437 | D:8      | Killed a cyclops
  6601 | D:8      | Reached skill level 11 in Maces & Flails
  6929 | D:9      | Found a flagged portal.
  6941 | D:9      | Noticed a two-headed ogre
  6949 | D:9      | Killed a two-headed ogre
  6950 | D:9      | Reached skill level 1 in Throwing
  6973 | D:9      | Noticed a two-headed ogre
  6976 | Bailey   | Entered a bailey
  7038 | Bailey   | Reached XP level 11. HP: 107/109 MP: 10/10
  7059 | Bailey   | Found a large runed translucent door.
  7059 | Bailey   | Found a large runed translucent door.
  7060 | Bailey   | Noticed a deep elf zephyrmancer
  7061 | Bailey   | Noticed an orc knight
  7062 | Bailey   | Found the amulet of the Four Winds {rN+ Will+++ Clar}
  7090 | Bailey   | Killed an orc knight
  7229 | Bailey   | Killed a deep elf zephyrmancer
  7540 | D:9      | Found Nooleor's Demolitions Depot.
  7574 | D:9      | Killed a two-headed ogre
  7588 | D:9      | Reached skill level 12 in Maces & Flails
  7657 | D:9      | Found a staircase to the Lair.
  7703 | D:9      | Found a hide-covered altar of Uskayaw.
  7916 | D:9      | Reached skill level 14 in Maces & Flails
  7916 | D:9      | Reached XP level 12. HP: 119/119 MP: 11/11
  7936 | D:10     | Entered Level 10 of the Dungeon
  8108 | D:10     | Found a stormy altar of Qazlal.
  8117 | D:10     | Noticed a five-headed hydra
  8124 | D:10     | Killed a five-headed hydra
  8413 | D:10     | Found a snail-covered altar of Cheibriados.
  8414 | D:10     | Identified a scroll of acquirement
  8414 | D:10     | Acquired 922 gold pieces
  8602 | D:10     | Found a staircase to the Orcish Mines.
  8611 | Orc:1    | Entered Level 1 of the Orcish Mines
  8611 | Orc:1    | Noticed an ettin
  8616 | Orc:1    | Killed an ettin
  8718 | Orc:1    | Found Hikkoi's Antique Armour Emporium.
  8729 | Orc:1    | Found Juepof's Assorted Antiques.
  8794 | Orc:1    | Bought a translucent cloak for 285 gold pieces
  8794 | Orc:1    | Identified the +1 cloak "Battunoi" {Rampage Str+3 Dex-2}
                  | (You bought it in a shop on level 1 of the Orcish Mines)
  8810 | Orc:1    | Bought a scroll of teleportation for 57 gold pieces
  8810 | Orc:1    | Bought a scroll of identify for 38 gold pieces
  8815 | Orc:1    | Noticed Erolcha
  8837 | Orc:1    | Found Tass's Magic Scroll Boutique.
  8844 | Orc:1    | Killed Erolcha
  8889 | Orc:1    | Bought a scroll of fear for 52 gold pieces
  8889 | Orc:1    | Bought a scroll of teleportation for 39 gold pieces
  8889 | Orc:1    | Bought a scroll of blinking for 97 gold pieces
  8889 | Orc:1    | Bought a scroll of immolation for 52 gold pieces
  8954 | Orc:2    | Entered Level 2 of the Orcish Mines
  9396 | Orc:2    | Found Fewa's General Store.
  9405 | Orc:2    | Bought a scroll of blinking for 135 gold pieces
  9405 | Orc:2    | Bought a scroll of teleportation for 54 gold pieces
  9491 | Orc:1    | Noticed a two-headed ogre
  9507 | Orc:1    | Killed a two-headed ogre
  9556 | Orc:1    | Found Miaj's Antique Weapon Emporium.
  9589 | Orc:1    | Found Zyala's Magic Scroll Emporium.
  9598 | Orc:1    | Bought a scroll of teleportation for 54 gold pieces
  9598 | Orc:1    | Bought a scroll of blinking for 135 gold pieces
  9598 | Orc:1    | Bought a scroll of revelation for 135 gold pieces
  9829 | Orc:2    | Reached skill level 15 in Maces & Flails
  9835 | Orc:2    | Reached XP level 13. HP: 124/128 MP: 12/12
  9850 | Orc:2    | Received a gift from Trog
  9930 | Orc:2    | Found a staircase to the Elven Halls.
 10416 | Orc:2    | Reached ****** piety under Trog
 10440 | Orc:2    | Gained mutation: You are clumsy. (Dex -2) [a neqoxec]
 11582 | Orc:2    | Found Gaenapni's Distillery.
 11582 | Orc:2    | Found Ymaag's Distillery.
 11583 | Orc:2    | Found Haotay's Antique Weapon Shoppe.
 11583 | Orc:2    | Found Zostosm's General Store.
 11590 | Orc:2    | Bought a potion of resistance for 100 gold pieces
 11590 | Orc:2    | Bought a potion of lignification for 30 gold pieces
 11590 | Orc:2    | Bought a potion of curing for 30 gold pieces
 11593 | Orc:2    | Bought a scroll of fog for 44 gold pieces
 11593 | Orc:2    | Bought a +4 ring of protection for 396 gold pieces
 11595 | Orc:2    | Bought a potion of ambrosia for 136 gold pieces
 11595 | Orc:2    | Bought a potion of haste for 170 gold pieces
 11595 | Orc:2    | Bought a potion of might for 68 gold pieces
 11595 | Orc:2    | Bought a potion of lignification for 51 gold pieces
 11595 | Orc:2    | Bought a potion of lignification for 51 gold pieces
 11595 | Orc:2    | Bought a potion of heal wounds for 85 gold pieces
 11818 | D:11     | Received a gift from Trog
 12116 | D:11     | Identified the ring of Wutahom {Fire *Corrode rN+ Int+3}
 12413 | Lair:1   | Entered Level 1 of the Lair of Beasts
 12421 | Lair:1   | Reached skill level 16 in Maces & Flails
 12704 | Lair:1   | Found a frozen archway.
 12716 | IceCv    | Entered an ice cave
 12889 | IceCv    | Reached skill level 10 in Fighting
 12939 | IceCv    | Found the +3 Elemental Staff {ele, rElec rF+ rC+ AC+3}
 13044 | Lair:1   | Noticed Urug
 13052 | Lair:1   | Killed Urug
 13053 | Lair:1   | Reached XP level 14. HP: 104/143 MP: 13/13
 13206 | Lair:1   | Received a gift from Trog
 13258 | Lair:1   | You fall into a shaft and drop 1 floor!
 13981 | Lair:2   | Reached skill level 17 in Maces & Flails
 14314 | Lair:2   | Found a staircase to the Snake Pit.
 14325 | Lair:2   | Reached skill level 10 in Armour
 14469 | Lair:2   | Found a staircase to the Swamp.
 14818 | Lair:2   | Received a gift from Trog
 15826 | Lair:4   | Found a viscous altar of Jiyva.
 15828 | Lair:4   | Found a staircase to the Slime Pits.
 16073 | Lair:4   | Identified the +3 morningstar of Jobyem {heavy, Str+2}
                  | (Trog gifted it to you on level 4 of the Lair of Beasts)
 16073 | Lair:4   | Received a gift from Trog
 16074 | Lair:4   | Reached skill level 18 in Maces & Flails
 16100 | Lair:4   | Reached XP level 15. HP: 116/153 MP: 14/14
 16702 | Lair:5   | Entered Level 5 of the Lair of Beasts
 17285 | Lair:5   | Identified the +1 giant spiked club "Weerph" {heavy, rC+
                  | rN+} (Trog gifted it to you on level 5 of the Lair of
                  | Beasts)
 17285 | Lair:5   | Received a gift from Trog
 18377 | D:12     | You fall into a shaft and drop 3 floors!
 18377 | D:15     | Entered Level 15 of the Dungeon
 18416 | D:15     | Found a staircase to the Depths.
 18421 | D:15     | Reached skill level 19 in Maces & Flails
 18811 | D:14     | HP: 4/154 [efreet/fireball (14)]
 18946 | D:14     | Found a gate leading to a gauntlet.
 18951 | D:14     | Noticed Frances
 18957 | D:14     | HP: 6/146 [Frances/+1 dire flail of draining (27)]
 18957 | D:14     | HP: 1/142 [Frances/+1 dire flail of draining (5)]
 18961 | D:14     | Killed Frances
 18963 | Gauntlet | Entered a Gauntlet
 18963 | Gauntlet | Found a transporter.
 18963 | Gauntlet | Found a transporter.
 19058 | Gauntlet | Found a transporter.
 19062 | Gauntlet | Found a transporter.
 19072 | Gauntlet | Found a transporter.
 19076 | Gauntlet | Found a transporter.
 19092 | Gauntlet | Found a transporter.
 19107 | Gauntlet | Found a transporter.
 19112 | Gauntlet | Found a transporter.
 19136 | Gauntlet | Found a transporter.
 19136 | Gauntlet | Found a transporter.
 19180 | Gauntlet | Found a transporter.
 19263 | Gauntlet | Identified the ring of the Final Violins {Dex+6 Stlth+}
 19291 | Gauntlet | Identified the ring "Rik Xaud" {rC+ Dex+6}
 19310 | Gauntlet | Killed from afar by an efreet

Illustrated notes

Levels and vault maps discovered:
D:1:      erik_arrival_triangle_small, layout_loops_ring, minmay_misc_feat_tiny,
          minmay_misc_feat_nine_boxes
D:2:      layout_loops_corners, basic_ecumenical_altar, uniq_robin,
          uniq_jessica, uniq_crazy_yiuf_cottage
D:3:      layout_rooms, serial_undead, serial_undead_d, serial_undead_a,
          serial_undead_b, serial_undead_b, minmay_quantized, uniq_terence
D:4:      layout_basic, lemuel_coloured_pillars_altar,
          nicolae_dithmenos_through_a_glass_darkly, minmay_temple_entry_hall
D:5:      layout_rooms, gammafunk_ghost_stat_death
D:6:      layout_layer_cave, grunt_temple_overflow_order_and_chaos_1,
          gammafunk_ghost_cemetery, kennysheep_generic_room_3
D:7:      layout_basic, trog_butcher_becter, uniq_maurice
D:8:      layout_basic, nicolae_gozag_seed_capital,
          chequers_temple_overflow_statue_of_worship,
          minmay_hollow_rounded_squares, uniq_pikel
D:9:      layout_small_grid, eat_drink_and_be_merry_uskayaw, erik_lair_island,
          enter_bailey_5, nicolae_blasting_shop, st_stairs_1,
          statue_in_the_mist_lemuel
D:10:     layout_basic, nicolae_qazlal_style_of_elements, slow_altar_1
D:11:     layout_roguey
D:12:     layout_long_grid, enter_trove_1, serial_shops,
          nicolae_shop_window_shopping, nicolae_shop_gaudy_bauble, shop_coins
D:14:     layout_loops_cross, grunt_decor_fettered, gauntlet_entry_generic,
          uniq_frances, uniq_azrael
D:15:     grunt_enter_depths_snipers, layout_irregular_city,
          serial_co_window_serial, co_window_of_opportunity_a,
          co_window_paths_a, co_window_corner_a, co_window_paths_a,
          co_window_paths_b, co_window_corner_cb, co_window_unsneaky_path_b,
          co_window_corner_b, glass_columns_b, glass_columns_c, glass_columns_b,
          glass_columns_a, glass_columns_a, nicolae_guarded_unrand_storm_shield
Lair:1:   layout_small_grid, portal_ice_cave_demonic_guard,
          cheibrodos_lair_lostbears, infiniplex_staircase_pool_2,
          serial_bayou_shore_b, uniq_urug
Lair:2:   layout_chaotic_city, minmay_swamp_entry_worms,
          nicolae_snake_entry_warm_welcome, grunt_megastairs_3
Lair:3:   layout_loops_ring, grunt_forest_large_clearings
Lair:4:   cheibrodos_lair_overgrown_chateau, layout_regular_city, slime_entry_2,
          minmay_hedge_maze
Lair:5:   minmay_lair_end_frog_pond, layout_cave_pods,
          chequers_serial_rivers_micro_e
Orc:1:    layout_caves, serial_shops, shop, shop, nicolae_shop_waterfront,
          nicolae_shop_trees, nicolae_shop_tiny_real_fake_doors, uniq_erolcha
Orc:2:    st_orc_pillars, layout_caves, serial_shops, shop
Gauntlet: gammafunk_gauntlet_hard_choice [nicolae_gauntlet_arena_x,
          nicolae_gauntlet_swirl, gammafunk_gauntlet_arena_grid,
          gammafunk_gauntlet_arena_split_diamond,
          gammafunk_gauntlet_arena_split_x, gammafunk_gauntlet_arena_chambers,
          gauntlet_exit_hidden_loot]

Skill      XL: |  1  2  3  4  5  6  7  8  9 10 11 12 13 14 15 |
---------------+----------------------------------------------+-----
Maces & Flails | 3 4 5 6 8 9 11 14 15 16 18 19 | 19.8
Fighting       | 3 4 5 6 7 8 10 11 | 11.6
Armour         | 1 2 3 4 5 6 7 8 9 10 11 | 11.2
Throwing       | 1 3 |  3.0
Dodging        | |  2.4

Action                     |  1- 3 |  4- 6 |  7- 9 | 10-12 | 13-15 || total
---------------------------+-------+-------+-------+-------+-------++-------
  Melee: Mace              |   113 |   179 |       |       |       ||   292
         Giant spiked club |       |    18 |   414 |   373 |   879 ||  1684
         Punch             |       |     2 |       |       |       ||     2
  Throw: Stone             |     3 |     1 |    15 |     1 |       ||    20
         Boomerang         |       |       |     3 |    61 |    64 ||   128
 Invoke: Trog's Hand       |     1 |       |     2 |     1 |     6 ||    10
         Berserk           |       |     1 |     1 |       |     3 ||     5
         Brothers in Arms  |       |       |       |       |     1 ||     1
  Evoke: Wand              |       |       |     4 |       |     1 ||     5
    Use: Scroll            |     2 |     6 |     7 |     7 |     7 ||    29
         Potion            |       |       |       |     1 |     3 ||     4
   Stab: Sleeping          |     2 |     6 |     3 |       |     5 ||    16
 Armour: Animal skin       |    71 |       |       |       |       ||    71
         Shadow dragon sca |    23 |   184 |   543 |   721 |  1507 ||  2978
         Ice dragon scales |       |       |       |       |    31 ||    31
  Dodge: Dodged            |    84 |    65 |   186 |   201 |   506 ||  1042
  Block: Other             |       |    41 |   116 |    60 |       ||   217
         Reflection        |       |       |     2 |     1 |       ||     3

Table legend: (Time is in decaauts)
 A = Elapsed time spent in this place.
 B = Non-inter-level travel time spent in this place.
 C = Inter-level travel time spent in this place.
 D = Time resting spent in this place.
 E = Time spent auto-exploring this place.
 F = Levels seen in this place.
 G = Mean time per level.
                   A        B        C        D        E       F      G
               +--------+--------+--------+--------+--------+-----+--------+
         Total |  20308 |  19445 |    863 |   1990 |  11145 |  24 |  846.2 |
       Dungeon |  10324 |   9872 |    452 |    271 |   6197 |  14 |  737.4 |
          Lair |   5750 |   5431 |    319 |    192 |   3584 |   5 | 1150.0 |
  Orcish Mines |   3221 |   3130 |     91 |   1375 |    958 |   2 | 1610.5 |
        Bailey |    349 |    349 |      0 |      2 |    185 |   1 |  349.0 |
      Ice Cave |    303 |    303 |      0 |    140 |      0 |   1 |  303.0 |
      Gauntlet |    358 |    358 |      0 |      9 |    221 |   1 |  358.0 |
               +--------+--------+--------+--------+--------+-----+--------+

Top non-repeatable levels by time:
   Orc:2: 2136 daAuts
  Lair:5: 1418 daAuts
  Lair:1: 1257 daAuts
     D:2: 1186 daAuts
  Lair:4: 1128 daAuts
   Orc:1: 1085 daAuts
     D:8: 1080 daAuts
     D:6: 1075 daAuts
  Lair:2: 980 daAuts
  Lair:3: 966 daAuts
     D:1: 944 daAuts
     D:4: 938 daAuts
     D:9: 844 daAuts
     D:7: 812 daAuts
    D:10: 762 daAuts
